 Dungeon Crawl Stone Soup version 0.19-a0-1886-gd64a0f0 (webtiles) character file.

198 Amnesiac the Gusty (level 5, -3/28 HPs)
             Began as a Tengu Air Elementalist on Oct 15, 2016.
             Slain by an adder (4 damage)
             ... on level 5 of the Dungeon.
             The game lasted 00:03:03 (1059 turns).

Amnesiac the Gusty (Tengu Air Elementalist)         Turns: 1059, Time: 00:03:04

Health: -3/28      AC:  2    Str:  8    XL:     5   Next: 77%
Magic:  1/9        EV: 13    Int: 16    God:
Gold:   78         SH:  0    Dex: 15    Spells: 4 memorised, 0 levels left

rFire  . . .     SeeInvis .     (no weapon)
rCold  . . .     Gourm    .     a - +0 robe
rNeg   . . .     Faith    .     (no shield)
rPois  .         Spirit   .     (helmet restricted)
rElec  .         Dismiss  .     (no cloak)
rCorr  .         Reflect  .     (no gloves)
MR     .....     Harm     .     (boots unavailable)
Stlth  ++........               (no amulet)
                                (no ring)
                                (no ring)

@: lethally poisoned (-3 -> -4), repel missiles
A: beak, horns 1, talons 3, sense surroundings 1, no device heal 1, able to fly
1
a: Fly


You were on level 5 of the Dungeon.
You were hungry.

You visited 1 branch of the dungeon, and saw 4 of its levels.

You collected 78 gold pieces.

Inventory:

Armour
 a - a +0 robe (worn)
Wands
 e - a wand of paralysis (3/24)
Books
 b - a book of Air

   Spells                             Type                      Level
   a - Shock                          Conjuration/Air              1
   b - Swiftness                      Charms/Air                   2
   c - Repel Missiles                 Charms/Air                   2
   d - Static Discharge               Conjuration/Air              3
   e - Lightning Bolt                 Conjuration/Air              5
Comestibles
 c - 2 bread rations
 d - a chunk of flesh
 f - 3 fruits


   Skills:
 - Level 2.1 Dodging
 - Level 2.0 Stealth
 - Level 2.0 Spellcasting
 - Level 5.8 Conjurations
 + Level 5.9 Air Magic


You couldn't memorise any spells.
You knew the following spells:

 Your Spells              Type           Power        Failure   Level  Hunger
a - Repel Missiles        Chrm/Air       ##....       12%         2    ###....
f - Static Discharge      Conj/Air       ###.....     8%          3    ###....
w - Swiftness             Chrm/Air       ##......     12%         2    ###....
z - Shock                 Conj/Air       ###.         1%          1    #......


Dungeon Overview and Level Annotations

Branches:
Dungeon (5/15)
 Temple: D:4-7

Altars:


Innate Abilities, Weirdness & Mutations

You have a beak for a mouth.
You have claws for feet.
You can fly.
You have a pair of small horns on your head.
You passively map a small area around you.
Potions and wands are less effective at restoring your health.


Message History

You aren't carrying any potions.
You hit the adder but do no damage. You peck the adder.
You kill the adder!
* * * LOW HITPOINT WARNING * * *
You feel sick.
Your magical contamination has completely faded away.
An adder comes into view.
You see here a sharpened ivory wand.
e - a wand of paralysis
* * * LOW HITPOINT WARNING * * *
You feel sick.
You aren't carrying any potions.
Evoke which item? (* to show all) (? for menu, Esc to quit)
Zapping:
e - a wand of paralysis (will waste charges)
Press: ? - help, Shift-Dir - straight line, f - adder
Aim: an adder (chance to defeat MR: 54%)
The adder resists with significant effort.
Evoking this partially-identified wand wasted a few charges.
The adder bites you.
You die...

* * + * , *,* * ,
, , * * * # * , ,
, ,#.* # * ,
#.#### ..# , ,
*#.S..##..### * *
#@....... , ,
#..##..## *
..####..##..####
,
.....<(..........
...####....#####
, * #.##.# * * ,
, , #.##<# ,,,
#.##........ , ,
, * #.####.#####


You could see an adder.

Vanquished Creatures
  A phantom (D:4)
  An ogre (D:4)
  An adder (D:5)
  A worm (D:4)
  2 leopard geckos (D:4)
  An orc (D:4)
  A hobgoblin (D:2)
  5 jackals (D:2)
  A quokka (D:2)
  A ball python (D:4)
15 creatures vanquished.

Notes
Turn   | Place    | Note
-------+----------+-------------------------------------------
     0 | D:1      | Amnesiac the Tengu Air Elementalist began the quest for the Orb.
     0 | D:1      | Reached XP level 1. HP: 10/10 MP: 4/4
   373 | D:2      | Reached XP level 2. HP: 13/15 MP: 1/6
   401 | D:2      | Learned a level 2 spell: Repel Missiles
   405 | D:2      | Learned a level 2 spell: Swiftness
   531 | D:2      | You fall through a shaft for 2 floors!
   648 | D:4      | Noticed a phantom
   694 | D:4      | Gained mutation: You passively map a small area around you. [potion of mutation]
   694 | D:4      | Gained mutation: You have a pair of small horns on your head. [potion of mutation]
   694 | D:4      | Gained mutation: Potions and wands are less effective at restoring your health. [potion of mutation]
   711 | D:4      | Killed a phantom
   711 | D:4      | Reached skill level 5 in Conjurations
   711 | D:4      | Reached XP level 3. HP: 10/19 MP: 0/7
   711 | D:4      | Reached XP level 4. HP: 13/24 MP: 0/8
   740 | D:4      | Noticed an ogre
   860 | D:4      | Killed an ogre
   860 | D:4      | Reached skill level 5 in Air Magic
   860 | D:4      | Gained mutation: You can fly. [Tengu growth]
   860 | D:4      | Reached XP level 5. HP: 28/28 MP: 5/9
   933 | D:4      | Learned a level 3 spell: Static Discharge
  1046 | D:5      | Entered Level 5 of the Dungeon
  1058 | D:5      | HP: 1/28 [poisoned by an adder]
  1059 | D:5      | Slain by an adder

Vault maps used:
D:1:      lightli_arrival_statue_moat, st_stairs_5
D:2:      nicolae_overflow_hidden_temple, old_standard_altar, uniq_robin
D:4:      kennysheep_mini_moat, lemuel_round_altar, lemuel_doored_altar,
          first_bread, serial_curves, eino_curves_02, eino_curves_03,
          uniq_edmund
D:5:      serial_shops, nicolae_shop_statue_plus, minmay_hollow_rounded_squares

Skill      XL: |  1  2  3  4 |
---------------+-------------+-----
Conjurations   | 2 5 |  5.8
Air Magic      | 5 |  5.9
Dodging        | |  2.1
Stealth        | |  2.0
Spellcasting   | |  2.0

Action                   |  1- 3 |  4- 6 || total
-------------------------+-------+-------++-------
Melee: Unarmed           |     5 |     4 ||     9
       Kick              |     2 |       ||     2
       Peck              |     1 |     1 ||     2
       Headbutt          |     1 |       ||     1
 Cast: Shock             |    27 |    20 ||    47
       Repel Missiles    |     1 |       ||     1
       Static Discharge  |       |     2 ||     2
Evoke: Wand              |       |     1 ||     1
  Use: Potion            |     3 |       ||     3
       Scroll            |     1 |       ||     1
  Eat: Chunk             |       |     1 ||     1
Armor: Robe              |     1 |     1 ||     2
Dodge: Dodged            |     5 |    11 ||    16
